 Dungeon Crawl Stone Soup version 0.18.1-6-gd335043 (webtiles) character file.

2261 Gagarin the Nimble (level 9, -1/78 HPs)
             Began as a Minotaur Gladiator on May 17, 2016.
             Was a Believer of Trog.
             Slain by Menkaure (4 damage)
             ... on level 6 of the Dungeon.
             The game lasted 00:20:10 (6300 turns).

Gagarin the Nimble (Minotaur Gladiator)             Turns: 6300, Time: 00:20:11

Health: -1/78      AC:  8    Str: 20    XL:     9   Next: 15%
Magic:  8/8        EV: 16    Int:  6    God:    Trog [**....]
Gold:   379        SH:  0    Dex: 13    Spells: 0 memorised, 8 levels left

rFire  . . .     SeeInvis .     a - +0 war axe
rCold  . . .     Gourm    .     b - +0 leather armour
rNeg   . . .     Faith    .     (no shield)
rPois  .         Spirit   .     O - +2 hat
rElec  .         Dismiss  .     G - +0 cloak
rCorr  .         Reflect  .     (no gloves)
SustAt .         Harm     .     t - +0 pair of boots
MR     .....                    (no amulet)
Stlth  ++........               (no ring)
                                (no ring)

@: exhausted, very slightly contaminated, slowed, invisible, very slow, not
resistant to hostile enchantments, unstealthy
A: retaliatory headbutt, horns 2
a: Berserk, Trog's Hand, Burn Spellbooks, Renounce Religion


You were on level 6 of the Dungeon.
You worshipped Trog.
Trog was pleased with you.
You were very hungry.

You visited 1 branch of the dungeon, and saw 6 of its levels.
You also visited: Sewer.

You collected 379 gold pieces.

Inventory:

Hand Weapons
 a - a +0 war axe (weapon)
 h - a +4 mace
 l - a +0 hunting sling
 r - a +2 vampiric whip
 v - a +0 blowgun
 y - a +1 dagger of speed
 D - a cursed -1 spear
 F - a +4 quarterstaff of chaos
 H - a +2 mace of protection
 M - a +1 shortbow of freezing
Missiles
 d - 3 throwing nets (quivered)
 w - 40 poisoned needles
Armour
 b - a +0 leather armour (worn)
 t - a +0 pair of boots (worn)
 G - a +0 cloak (worn)
 O - a +2 hat (worn)
Jewellery
 c - a +4 ring of strength {unknown}
Wands
 C - a wand of acid (6/15)
 L - a wand of flame (17/48)
Scrolls
 e - a scroll of magic mapping {unknown}
 j - 6 scrolls of remove curse
 n - 5 scrolls of identify
 o - 2 scrolls of fear {unknown}
 p - a scroll of blinking {unknown}
 q - 2 scrolls of fog {unknown}
 s - a scroll of recharging {unknown}
 u - 4 scrolls of teleportation {unknown}
 I - 3 scrolls of enchant weapon {unknown}
 K - 2 scrolls of enchant armour {unknown}
Potions
 g - a potion of heal wounds {unknown}
 i - 2 potions of mutation {unknown}
 m - a potion of curing {unknown}
 x - 2 potions of flight {unknown}
 z - a potion of might {unknown}
 A - 3 potions of magic {unknown}
 B - 2 potions of invisibility
 E - a potion of cure mutation {unknown}
 J - a potion of lignification {unknown}
 N - a potion of beneficial mutation {unknown}
Comestibles
 f - 4 bread rations
 k - 2 meat rations


   Skills:
 + Level 6.7 Fighting
 + Level 8.1 Axes
 + Level 0.2(5.0) Maces & Flails
 + Level 2.5 Throwing
 + Level 6.1 Armour
 + Level 8.1 Dodging
 + Level 2.3 Stealth


You had 8 spell levels left.
You didn't know any spells.

Dungeon Overview and Level Annotations

Branches:
Dungeon (6/15)
 Temple: D:4-7

Altars:
Ashenzari
Dithmenos
Elyvilon
Makhleb
Nemelex Xobeh
Okawaru
Trog
Vehumet
Yredelemnul

Annotations:
D:6 Menkaure


Innate Abilities, Weirdness & Mutations

You reflexively headbutt those who attack you in melee.
You have a pair of horns on your head.


Message History

You are feeling very hungry.
Menkaure casts a spell at you.
You struggle to resist.
The gnoll closely misses you.
Drink which item? (? for menu, Esc to quit)
It was a potion of invisibility.
You fade into invisibility!
Menkaure casts a spell at you. Pain shoots through your body!
* * * LOW HITPOINT WARNING * * *
The gnoll closely misses you. Menkaure hits you.
* * * LOW HITPOINT WARNING * * *
You are very lightly contaminated with residual magic.
The gnoll closely misses you. You furiously retaliate!
You headbutt the gnoll.
You see here a flail.
Menkaure misses you. The gnoll completely misses you.
Menkaure completely misses you. The gnoll closely misses you.
Menkaure hits you.
* * * LOW HITPOINT WARNING * * *
Menkaure hits you.
You die...

##........ #........ .
#.......#.. #.........
#.......# ######.......###
#.#.............
##.......@<....# .
........gM...####.......
..#########........###.......#
.........................(..
#.................#......# .#
#....#.................####.#
#...)#)†.................>...
##..).#.......................
#....(.)†...............# .#


You could see Menkaure and a gnoll.

Vanquished Creatures
  Pikel (D:5)
  Prince Ribbit (D:5)
  Sigmund (D:2)
  Edmund (D:6)
  An ice beast (D:5)
  A sky beast (D:5)
  A slave (D:5)
  A phantom (D:5)
  A centaur (D:5)
  Blork the orc (D:5)
  A big kobold (Sewer)
  A howler monkey (D:5)
  2 crimson imps (D:5)
  A hound (D:6)
  An orc priest (D:3)
  A giant frog skeleton (D:5)
  A centaur skeleton (D:4)
  Crazy Yiuf (D:3)
  Ijyb (D:2)
  Natasha (thrice) (D:3)
  4 iguanas
  5 worker ants
  A howler monkey zombie (D:5)
  7 gnolls
  7 adders
  3 river rats (Sewer)
  A shadow imp (D:5)
  5 oozes
  3 worms
  4 giant geckos
  11 orcs
  6 bats
  5 giant cockroaches
  5 goblins
  7 hobgoblins
  15 jackals
  5 quokkas
  7 ball pythons
  A giant cockroach zombie (D:5)
  6 giant newts
  A jackal skeleton (D:5)
  17 kobolds
  14 rats
163 creatures vanquished.

Vanquished Creatures (others)
  A slave (D:5)
  A worker ant (D:5)
  An orc wizard (D:5)
  4 jackals (D:5)
  A fungus (D:3)
8 creatures vanquished.

Grand Total: 171 creatures vanquished

Notes
Turn   | Place    | Note
--------------------------------------------------------------
     0 | D:1      | Gagarin the Minotaur Gladiator began the quest for the Orb.
     0 | D:1      | Reached XP level 1. HP: 18/18 MP: 0/0
   208 | D:1      | Reached XP level 2. HP: 25/25 MP: 1/1
   848 | D:1      | Reached XP level 3. HP: 30/30 MP: 2/2
  1009 | D:2      | Found a shadowy altar of Dithmenos.
  1120 | D:2      | Noticed Ijyb
  1132 | D:2      | Killed Ijyb
  1132 | D:2      | Reached skill level 1 in Armour
  1132 | D:2      | Reached XP level 4. HP: 16/38 MP: 3/3
  1428 | D:2      | Found a shattered altar of Ashenzari.
  1498 | D:2      | Found a basalt altar of Yredelemnul.
  1613 | D:2      | Noticed Sigmund
  1624 | D:2      | Killed Sigmund
  1624 | D:2      | Reached skill level 5 in Axes
  1624 | D:2      | Reached XP level 5. HP: 37/46 MP: 4/4
  1624 | D:2      | Reached XP level 6. HP: 42/52 MP: 5/5
  1957 | D:3      | Found a glowing drain.
  1990 | Sewer    | Entered a sewer
  2243 | Sewer    | Reached skill level 5 in Dodging
  2243 | Sewer    | Reached skill level 1 in Stealth
  2965 | D:3      | Found a burning altar of Makhleb.
  2967 | D:3      | Found a sparkling altar of Nemelex Xobeh.
  2979 | D:3      | Found an iron altar of Okawaru.
  2979 | D:3      | Found a white marble altar of Elyvilon.
  2979 | D:3      | Found a bloodstained altar of Trog.
  3026 | D:3      | Became a worshipper of Trog the Wrathful
  3134 | D:3      | Noticed Natasha
  3144 | D:3      | Killed Natasha
  3144 | D:3      | Reached XP level 7. HP: 37/60 MP: 6/6
  3280 | D:3      | Noticed Natasha
  3285 | D:3      | Killed Natasha
  3308 | D:3      | Noticed Crazy Yiuf
  3315 | D:3      | Killed Crazy Yiuf
  3471 | D:3      | Noticed Natasha
  3483 | D:3      | Killed Natasha
  3483 | D:3      | Reached * piety under Trog
  3879 | D:4      | Found a radiant altar of Vehumet.
  4610 | D:5      | Entered Level 5 of the Dungeon
  4825 | D:5      | Noticed Prince Ribbit
  4901 | D:5      | Reached skill level 5 in Fighting
  5166 | D:5      | Noticed Pikel
  5177 | D:5      | HP: 4/91 [Pikel/whip of freezing (3)]
  5178 | D:5      | Killed Pikel
  5178 | D:5      | Reached skill level 5 in Armour
  5178 | D:5      | Reached XP level 8. HP: 5/69 MP: 7/7
  5182 | D:5      | Killed Prince Ribbit
  5558 | D:5      | Noticed Blork the orc
  5566 | D:5      | Killed Blork the orc
  5991 | D:5      | Reached XP level 9. HP: 66/78 MP: 8/8
  6267 | D:6      | Noticed Edmund
  6276 | D:6      | Noticed Menkaure
  6281 | D:6      | Killed Edmund
  6288 | D:6      | Reached ** piety under Trog
  6298 | D:6      | HP: 2/78 [Menkaure (6)]
  6300 | D:6      | Slain by Menkaure

Skill      XL: |  1  2  3  4  5  6  7  8  9 |
---------------+----------------------------+-----
Axes           | 4 5 7 8 |  8.1
Fighting       | 3 4 5 6 |  6.7
Dodging        | 4 5 6 7 8 |  8.1
Armour         | 1 3 5 6 |  6.1
Stealth        | 1 2 |  2.3
Maces & Flails | |  0.2
Throwing       | |  2.5

Action                   |  1- 3 |  4- 6 |  7- 9 || total
-------------------------+-------+-------+-------++-------
Melee: War axe           |    84 |   166 |   164 ||   414
       Headbutt          |     7 |    27 |    27 ||    61
       Mace              |       |       |     2 ||     2
 Fire: Blowgun           |       |     3 |       ||     3
Throw: Throwing net      |     1 |     2 |       ||     3
Invok: Berserk           |       |       |     2 ||     2
  Use: Scroll            |       |     2 |     1 ||     3
       Potion            |       |       |     1 ||     1
 Stab: Sleeping          |       |     1 |     1 ||     2
  Eat: Chunk             |     1 |     7 |     5 ||    13
       Beef jerky        |       |       |     1 ||     1
       Fruit             |       |       |     5 ||     5
Armor: Leather armour    |    20 |    34 |    41 ||    95
Dodge: Dodged            |    55 |   101 |   123 ||   279
